Map: Cyber Forest LE

Players

darkzeratul - Winner!

  • Race: Terran Terran
  • League: Diamond
  • Spawn Location: 5:00

Parkkatz

  • Race: Zerg Zerg
  • League: Platinum
  • Spawn Location: 11:00

VOD

Have the link to the VOD?

Description

Time

  • Played on: July 4, 2019, 8:48 a.m.
  • Length: 6:47
Show
View Real Time Build Order
Export as new Build Order

darkzeratul Terran - Winner!

Build Orders:  

Get SALT Encoding   

  12  0:01  SCV  
  13  0:14  SCV  
  13  0:19  Supply Depot  
  14  0:26  SCV  
  15  0:40  SCV  
  16  0:43  Barracks  
  16  0:52  SCV  
  17  1:00  Barracks  
  17  1:12  Barracks  
  17  1:19  SCV  
  18  1:31  Marine  
  19  1:32  Barracks  
  19  1:37  Supply Depot  
  19  1:40  SCV  
  20  1:47  Marine  
  20  1:49  Marine  
  22  2:00  Bunker  
  22  2:03  Marine  
  22  2:05  Marine  
  22  2:06  Marine  
  25  2:12  Supply Depot  
  25  2:19  Marine  
  25  2:21  Marine  
  27  2:23  Marine  
  27  2:25  Marine  
  28  2:54  Marine x4  
  32  3:02  Refinery  
  32  3:03  Refinery  
  32  3:06  Orbital Command  
  32  3:11  Marine  
  32  3:12  Marine  
  34  3:22  Marine  
  34  3:23  Marine  
  36  3:29  Marine  
  36  3:33  SCV  
  38  3:35  Marine  
  39  3:55  Factory  
  39  4:08  Supply Depot  
  39  4:10  Supply Depot  
  39  4:18  Factory  
  39  4:29  SCV  
  40  4:40  Factory Tech Lab  
  35  5:17  Siege Tank, Factory Tech Lab  
  38  5:21  SCV  
  38  5:23  Command Center  
  38  5:27  Marine x3  
  38  5:28  Marine  
  42  5:44  Siege Tank  
  42  5:48  SCV  
  38  6:14  Marine x2  
  38  6:15  Marine x2  
Show
View Real Time Build Order
Export as new Build Order

Parkkatz Zerg 

Build Orders: Hatch First 

Get SALT Encoding   

  12  0:01  Drone  
  13  0:13  Overlord  
  13  0:16  Drone  
  14  0:32  Drone x2  
  16  0:36  Drone  
  17  0:54  Hatchery  
  17  0:56  Drone  
  17  1:00  Drone  
  18  1:10  Extractor  
  17  1:15  Spawning Pool  
  17  1:18  Drone  
  17  1:27  Drone  
  17  1:31  Drone  
  19  1:48  Overlord  
  19  2:08  Roach Warren, Zergling x6  
  21  2:10  Queen  
  21  2:11  Queen  
  22  2:54  Roach x3  
  28  3:08  Roach x4  
  36  3:18  Overlord  
  36  3:36  Queen  
  36  3:43  Roach x2  
  36  3:46  Overlord  
  38  4:01  Baneling Nest  
  37  4:03  Drone  
  37  4:09  Ravager  
  39  4:18  Ravager  
  40  4:44  Extractor  
  40  4:45  Hatchery  
  38  4:46  Roach  
  38  5:04  Roach x2  
  38  5:05  Roach x2  
  44  5:16  Roach  
  46  5:25  Overlord  
  46  5:26  Overlord  
  43  5:39  Ravager  
  44  5:48  Drone x3  
  44  5:49  Drone  
  32  6:11  Roach  
  32  6:12  Roach x2  
  32  6:17  Roach  
  34  6:19  Roach  
  34  6:21  Overlord x2  
  34  6:23  Zergling x2  
Tags
 
Add a new tag
Caveats
  • Supply blocks, unpowered buildings, or Contaminate may cause inaccurate times.
  • Supply counts are checked every 10 seconds.